 Dungeon Crawl Stone Soup version 0.22.1-2-g9c5b331 (webtiles) character file.

93 MalarOregon the Chiller (level 4, 0/32 HPs)
             Began as a Merfolk Ice Elementalist on Nov 19, 2018.
             Killed from afar by an orc wizard (6 damage)
             ... with a magic dart
             ... on level 3 of the Dungeon.
             The game lasted 00:04:59 (1448 turns).

MalarOregon the Chiller (Merfolk Ice Elementalist)  Turns: 1448, Time: 00:05:00

Health: 0/32       AC:  7    Str:  8    XL:     4   Next: 62%
Magic:  1/7        EV: 11    Int: 15    God:
Gold:   144        SH:  0    Dex: 14    Spells: 2/8 levels left

rFire    . . .     SeeInvis .   a - +0 spear
rCold    . . .     Gourm    .   (no shield)
rNeg     . . .     Faith    .   h - +0 ring mail (curse)
rPois    .         Spirit   .   g - +0 helmet
rElec    .         Reflect  .   (no cloak)
rCorr    .         Harm     .   (no gloves)
MR       .....                  r - +0 pair of boots
Stlth    +.........             (no amulet)
HPRegen  0.10/turn              (no ring)
MPRegen  0.10/turn              (no ring)

@: very slightly contaminated
A: change form in water, swift swim, stealthy swim
a: no special abilities


You were on level 3 of the Dungeon.
You were not hungry.

You visited 1 branch of the dungeon, and saw 3 of its levels.

You collected 144 gold pieces.

Inventory:

Hand Weapons
 a - a +0 spear (weapon)
   (You found it on level 3 of the Dungeon)
Missiles
 p - 7 tomahawks (quivered)
 q - 8 javelins
 t - 12 poisoned needles
Armour
 g - a +0 helmet (worn)
   (You found it on level 1 of the Dungeon)
 h - a cursed +0 ring mail (worn)
   (You found it on level 1 of the Dungeon)
 r - a +0 pair of boots (worn)
   (You found it on level 3 of the Dungeon)
Jewellery
 j - a cursed +3 ring of intelligence {unknown}
   (You found it on level 1 of the Dungeon)
Scrolls
 b - 2 scrolls of identify {unknown}
 c - 2 scrolls of fog {unknown}
 i - 2 scrolls of magic mapping {unknown}
 l - a scroll of remove curse {unknown}
 n - a scroll of amnesia {unknown}
 s - a scroll of fear {unknown}
Potions
 f - 4 potions of curing {unknown}
 k - 2 potions of heal wounds {unknown}
 m - a potion of berserk rage {unknown}
 o - 2 potions of flight {unknown}
Comestibles
 d - 9 chunks of flesh
 e - 5 rations {!d}


   Skills:
 + Level 1.5 Fighting
 * Level 0.8 Polearms
 + Level 3.6 Dodging
 - Level 2.1 Stealth
 + Level 2.6 Spellcasting
 - Level 0.7 Conjurations
 * Level 4.4 Ice Magic


You had 2 spell levels left.
You knew the following spells:

 Your Spells              Type           Power        Failure   Level  Hunger
a - Freeze                Ice            ###.         11%         1    #......
b - Ozocubu's Armour      Chrm/Ice       #.......     61%         3    ###....
x - Throw Frost           Conj/Ice       #.....       34%         2    ###....

Your spell library contained the following spells:

 Spells                   Type           Power        Failure   Level  Hunger
 Throw Icicle             Conj/Ice       #.......     92%         4    #####..
 Summon Ice Beast         Ice/Summ       #.......     95%         4    #####..


Dungeon Overview and Level Annotations

Branches:
Dungeon (3/15)

Altars:
Vehumet


Message History

You freeze the orc.
You kill the orc!
Aim: an orc, wearing a leather armour (lightly wounded)
You miscast Freeze.
You are very lightly contaminated with residual magic.
Frost spreads across the the floor.
The orc hits you but does no damage.
Aim: an orc, wearing a leather armour (lightly wounded)
You freeze the orc. The orc closely misses you. The orc barely misses you.
You hit the orc but do no damage. The orc hits you.
The orc hits you but does no damage.
You hit the orc.
You kill the orc!
The orc hits you with a mace.
You hit the leopard gecko.
The leopard gecko bites you but does no damage.
The orc closely misses you.
The orc wizard gestures wildly while chanting.
The orc wizard blinks!
The leopard gecko bites you.
* * * LOW HITPOINT WARNING * * *
You closely miss the leopard gecko. The leopard gecko bites you.
* * * LOW HITPOINT WARNING * * *
The orc closely misses you.
Aim: an orc, wielding a mace and wearing a leather armour You freeze the orc.
The leopard gecko bites you but does no damage.
The orc hits you with a mace.
* * * LOW HITPOINT WARNING * * *
The leopard gecko bites you but does no damage.
The leopard gecko barely misses you. The orc hits you with a mace!
* * * LOW HITPOINT WARNING * * *
Some of the chunks of flesh in your inventory have rotted away.
The orc wizard mumbles some strange words.
The orc wizard blinks!
The leopard gecko misses you.
You see here a plate armour.
Aim: a leopard gecko (moderately wounded, clinging)
You miscast Freeze.
Nothing appears to happen.
The leopard gecko bites you but does no damage.
Attack whom?
Aim: an orc, wielding a mace and wearing a leather armour (lightly wounded)
The leopard gecko is in the way.
You hit the leopard gecko.
You kill the leopard gecko!
The orc barely misses you.
The orc wizard gestures wildly while chanting.
The orc wizard blinks!
The orc wizard gestures wildly while chanting.
The orc wizard blinks!
The orc wizard points at you and mumbles some strange words.
The magic dart hits you!
You die...

...........#...#........[.......
....[..##...._...........#
.......##..#...#.........#
.......##.###.###.......?#
...........#...#.........####
##..........................#
#........##.....####.#.....#
#........######.## #.#.....#
#........######@.# #[#....[#
#........#.......# #.#######
##........#...o...# #ยง#
..).......#......o###.# ##
..........#........##.# ....
..........#........##o###....
#########.#..................
#.#######)........... #.#
#............


You could see an orc wizard and an orc.

Vanquished Creatures
  An adder (D:2)
  3 worms
  2 dart slugs (D:1)
  4 leopard geckos
  3 orcs (D:3)
  7 bats
  5 giant cockroaches
  8 goblins
  5 hobgoblins
  2 jackals (D:1)
  6 kobolds
  A quokka (D:2)
  A ball python (D:2)
  9 frilled lizards
  8 rats
65 creatures vanquished.

Notes
Turn   | Place    | Note
-------+----------+-------------------------------------------
     0 | D:1      | MalarOregon the Merfolk Ice Elementalist began the quest
                  | for the Orb.
     0 | D:1      | Reached XP level 1. HP: 13/13 MP: 3/3
   133 | D:1      | Reached XP level 2. HP: 11/20 MP: 0/5
   350 | D:1      | Reached skill level 1 in Fighting
   397 | D:1      | Reached XP level 3. HP: 24/26 MP: 0/6
   620 | D:2      | Reached skill level 4 in Ice Magic
   844 | D:2      | Reached XP level 4. HP: 30/32 MP: 2/7
  1122 | D:3      | Learned a level 2 spell: Throw Frost
  1126 | D:3      | Learned a level 3 spell: Ozocubu's Armour
  1185 | D:3      | Found a radiant altar of Vehumet.
  1448 | D:3      | Killed from afar by an orc wizard

Skill      XL: |  1  2  3 |
---------------+----------+-----
Dodging        | 3 |  3.6
Fighting       | 1 |  1.5
Ice Magic      | 4 |  4.4
Polearms       | |  0.8
Stealth        | |  2.1
Spellcasting   | |  2.6
Conjurations   | |  0.7

Action                   |  1- 3 |  4- 6 || total
-------------------------+-------+-------++-------
Melee: Unarmed           |    58 |       ||    58
       Whip              |    52 |    30 ||    82
       Spear             |       |    40 ||    40
 Cast: Freeze            |    41 |    18 ||    59
 Stab: Sleeping          |     2 |       ||     2
       Distracted        |     1 |       ||     1
  Eat: Chunk             |     1 |     2 ||     3
Armor: Robe              |     3 |       ||     3
       Ring mail         |    65 |    33 ||    98
Dodge: Dodged            |   111 |    67 ||   178
